 Dungeon Crawl Stone Soup version 0.27-a0-54-g64bdb92e38 (webtiles) character file.

Game seed: 14134917008508676610

89 kae the Insei (level 4, 0/26 HPs)
             Began as a Tengu Transmuter on Jan 7, 2021.
             Slain by a gnoll
             ... wielding a +0 spear of venom
              (6 damage)
             ... on level 3 of the Dungeon.
             The game lasted 00:01:41 (3440 turns).

kae the Insei (Tengu Transmuter)                    Turns: 3440, Time: 00:01:42

Health: 0/26       AC:  3    Str: 11    XL:     4   Next: 55%
Magic:  5/8        EV: 12    Int: 13    God:
Gold:   118        SH:  0    Dex: 15    Spells: 3/7 levels left

rFire    . . .     SeeInvis .   d - +0 whip
rCold    . . .     Faith    .   (no shield)
rNeg     . . .     Spirit   .   c - +0 leather armour
rPois    .         Reflect  .   (helmet restricted)
rElec    .         Harm     .   (no cloak)
rCorr    .         Rampage  .   (no gloves)
Will     .....                  (boots unavailable)
Stlth    +.........             (no amulet)
HPRegen  0.08/turn              (no ring)
MPRegen  0.11/turn              (no ring)

@: lethally poisoned (0 -> -13), very slightly contaminated
A: beak, talons 3
a: no special abilities


You were on level 3 of the Dungeon.
You visited 1 branch of the dungeon, and saw 3 of its levels.

You collected 118 gold pieces.

Inventory:

Hand Weapons
 d - a +0 whip (weapon)
Armour
 a - a +0 robe
 c - a +0 leather armour (worn)
Wands
 k - a wand of disintegration (14)
Scrolls
 b - 3 scrolls of identify
 e - a scroll of blinking {unknown}
 f - a scroll of immolation {unknown}
 l - a scroll of random uselessness {unknown}
Potions
 g - a potion of attraction
 h - 2 potions of heal wounds
 i - 2 potions of lignification
 j - 2 potions of might {unknown}


   Skills:
 + Level 2.1 Fighting
 - Level 2.1 Dodging
 * Level 4.7 Unarmed Combat
 - Level 2.0 Spellcasting
 + Level 2.2 Transmutations


You had 3 spell levels left.
You knew the following spells:

 Your Spells              Type           Power        Failure   Level
a - Beastly Appendage     Tmut           14%          13%         1
b - Spider Form           Tmut/Pois      2%           54%         3

Your spell library contained the following spells:

 Spells                   Type           Power        Failure   Level
 Wereblood                Tmut           7%           21%         2
 Ice Form                 Ice/Tmut       4%           91%         4
 Blade Hands              Tmut           3%           98%         5


Dungeon Overview and Level Annotations

Branches:
Dungeon (3/15)

Altars:


Innate Abilities, Weirdness & Mutations

You have a beak for a mouth.
You have claws for feet.


Message History

There is a stone staircase leading up here.
Casting: Beastly Appendage (safe; 13% risk of failure)
Confirm with . or Enter, or press ? or * to list all spells.
The spell is potentially lethal to cast (54% risk of failure)!
Continue anyway? [Y]es or [N]o only, please.
The spell is potentially lethal to cast (54% risk of failure)!
Continue anyway?
You miscast Spider Form.
You are very lightly contaminated with residual magic.
You feel incredibly sick!
You are poisoned.
The gnoll shouts!
You feel sick.
A gnoll comes into view. It is wielding a +0 whip.
The gnoll hits you from afar with a +0 spear of venom!
* * * LOW HITPOINT WARNING * * *
You are lethally poisoned!
* * * LOW HITPOINT WARNING * * *
You feel sick.
The gnoll hits you from afar with a +0 spear of venom.
You die...

##.. # .#
######## # #.#
#....... # #.#
#>###### # #.#
#.# # #.# #.# #
#.# #.######
#########.#
#.......
.g.ggg.@..#
########
#########.#####
# #.....# #
#.###.# # #.#
#.# # #.# #.# #
#.# #.# #######
..# #.# #......
### #.# #.#####


You could see 4 gnolls.

Vanquished Creatures
  3 adders
  An ooze (D:1)
  A worm (D:2)
  A dart slug (D:2)
  2 leopard geckos
  An orc (D:3)
  2 giant cockroaches
  8 goblins
  6 hobgoblins
  A quokka (D:2)
  7 bats
  7 frilled lizards
  5 kobolds
  5 rats
50 creatures vanquished.

Notes
Turn   | Place    | Note
-------+----------+-------------------------------------------
     0 | D:1      | kae the Tengu Transmuter began the quest for the Orb.
     0 | D:1      | Reached XP level 1. HP: 12/12 MP: 4/4
   598 | D:1      | Reached XP level 2. HP: 11/16 MP: 6/6
  1401 | D:2      | Reached skill level 4 in Unarmed Combat
  1401 | D:2      | Reached XP level 3. HP: 7/20 MP: 7/7
  2419 | D:2      | Reached XP level 4. HP: 24/26 MP: 8/8
  2594 | D:2      | Learned a level 3 spell: Spider Form
  3440 | D:3      | Slain by a gnoll

Illustrated notes

Levels and vault maps discovered:
D:1:      matt_arrival_los_fun, layout_loops_corners
D:2:      layout_rooms, minmay_misc_feat_doors
D:3:      layout_loops_ring, ebering_ghost_sewer_d

Skill      XL: |  1  2  3  4 |
---------------+-------------+-----
Unarmed Combat | 4 |  4.7
Transmutations | 2 |  2.2
Fighting       | 2 |  2.1
Dodging        | |  2.1
Spellcasting   | |  2.0

Action                   |  1- 3 |  4- 6 || total
-------------------------+-------+-------++-------
Melee: Unarmed           |    18 |     2 ||    20
       Peck              |    17 |     5 ||    22
       Whip              |    69 |    27 ||    96
       Kick              |    18 |     6 ||    24
       Punch             |     3 |     1 ||     4
       Headbutt          |       |     1 ||     1
 Cast: Beastly Appendage |       |     5 ||     5
       Spider Form       |       |     1 ||     1
  Use: Potion            |     1 |       ||     1
       Scroll            |       |     4 ||     4
 Stab: Sleeping          |     1 |       ||     1
Armor: Leather armour    |    26 |     8 ||    34
       Robe              |     2 |       ||     2
Dodge: Dodged            |    82 |    18 ||   100

Table legend: (Time is in decaauts)
 A = Elapsed time spent in this place.
 B = Non-inter-level travel time spent in this place.
 C = Inter-level travel time spent in this place.
 D = Time resting spent in this place.
 E = Time spent auto-exploring this place.
 F = Levels seen in this place.
 G = Mean time per level.
                   A        B        C        D        E       F      G
               +--------+--------+--------+--------+--------+-----+--------+
         Total |   3451 |   3381 |     70 |   1353 |   1664 |   3 | 1150.3 |
       Dungeon |   3451 |   3381 |     70 |   1353 |   1664 |   3 | 1150.3 |
               +--------+--------+--------+--------+--------+-----+--------+

Top non-repeatable levels by time:
     D:1: 1910 daAuts
     D:2: 884 daAuts
     D:3: 655 daAuts
